 Dungeon Crawl Stone Soup version 0.29-a0-542-g075992c915 (webtiles) character file.

Game seed: 507287613787526162

7 BritishOli the Skirmisher (level 1, -1/18 HPs)
             Began as a Demonspawn Monk on June 4, 2022.
             Slain by a ball python (3 damage)
             ... on level 1 of the Dungeon.
             The game lasted 00:00:16 (124 turns).

BritishOli the Skirmisher (Demonspawn Monk)          Turns: 124, Time: 00:00:17

Health: -1/18      AC:  2    Str: 11    XL:     1   Next: 83%
Magic:  1/1        EV: 13    Int: 11    God:
Gold:   0          SH:  0    Dex: 15    Spells: 0/0 levels left

rFire   . . .      SeeInvis .   a - +0 falchion
rCold   . . .      Faith    .   (no shield)
rNeg    . . .      Spirit   .   b - +0 robe
rPois   .          Reflect  .   (no helmet)
rElec   .          Harm     .   (no cloak)
rCorr   .          Rampage  .   (no gloves)
Will    .....                   (no boots)
Stlth   ++........              (no amulet)
HPRegen 0.06/turn               (no ring)
MPRegen 0.07/turn               (no ring)

@: no status effects
A: no striking features
a: no special abilities


You were on level 1 of the Dungeon.
You visited 1 branch of the dungeon, and saw 1 of its levels.

Inventory:

Hand Weapons
 a - a +0 falchion (weapon)
Armour
 b - a +0 robe (worn)
Scrolls
 d - a scroll of identify {unknown}
Potions
 c - a potion of ambrosia


   Skills:
 + Level 3.1 Fighting
 + Level 2.8 Long Blades
 + Level 2.8 Dodging
 + Level 2.0 Stealth


You couldn't memorise any spells.
You didn't know any spells.
Your spell library was empty.

Dungeon Overview and Level Annotations

Branches:
Dungeon (1/15)

Altars:


Message History

There are monsters nearby!
You hit the goblin.
The goblin is heavily wounded.
The goblin hits you but does no damage. The ball python misses you.
The ball python closely misses you.
A bat comes into view.
There are monsters nearby!
You barely miss the goblin.
The goblin is heavily wounded.
The ball python bites you but does no damage.
The ball python closely misses you. The goblin hits you with a +0 dagger.
The ball python bites you. The ball python grabs you.
The ball python constricts you. The goblin closely misses you.
A frilled lizard comes into view.
You barely miss the ball python.
The ball python bites you but does no damage.
The ball python constricts you. The goblin hits you but does no damage.
You barely miss the ball python.
The frilled lizard hisses angrily.
The ball python bites you. The ball python constricts you.
A jackal comes into view.
The goblin hits you with a +0 dagger. The ball python barely misses you.
The ball python constricts you.
The jackal barks!
You hit the ball python but do no damage.
You hear a bark!
The goblin hits you with a +0 dagger. The ball python closely misses you.
The ball python constricts you.
You are too injured to fight recklessly!
You closely miss the ball python. The goblin hits you but does no damage.
The ball python bites you.
* * * LOW HITPOINT WARNING * * *
The ball python constricts you.
* * * LOW HITPOINT WARNING * * *
You escape the ball python's grasp.
The goblin attacks as you move away! The goblin hits you with a +0 dagger.
* * * LOW HITPOINT WARNING * * *
The goblin attacks as you move away! The goblin hits you but does no damage.
The ball python bites you.
You die...

#[............. .......
#............... .......
#............... ... ...
#..............######b# ....
...........(.#$...#[g.#.....
...................h........
..................l.........
###........#.....g..........
#...............@S.....$..#.
.........†................#
...(......................#
####.####..................#
# #.)# #................#..
##.# #..........^....#### .#
#...............# ..
................. ..
.###............


You could see a jackal, 2 goblins, a bat, a ball python and a frilled lizard.

Vanquished Creatures
  An endoplasm (D:1)
  2 giant cockroaches (D:1)
  A quokka (D:1)
  A ball python (D:1)
  A goblin (D:1)
6 creatures vanquished.

Notes
Turn   | Place    | Note
-------+----------+-------------------------------------------
     0 | D:1      | BritishOli the Demonspawn Monk began the quest for the Orb.
     0 | D:1      | Reached XP level 1. HP: 18/18 MP: 1/1
   124 | D:1      | Slain by a ball python

Illustrated notes

Levels and vault maps discovered:
D:1:      lemuel_arrival_broad_hall, layout_rooms,
          shapermc_ecumenical_altar_mp_urbaneastern

Skill      XL: |  1 |
---------------+----+-----
Stealth        | 2 |  2.0
Fighting       | |  3.1
Long Blades    | |  2.8
Dodging        | |  2.8

Action                   || total
-------------------------++-------
Melee: Falchion          ||    20
       Punch             ||     1
 Stab: Sleeping          ||     1
Armor: Robe              ||     9
Dodge: Dodged            ||    16

Table legend: (Time is in decaauts)
 A = Elapsed time spent in this place.
 B = Non-inter-level travel time spent in this place.
 C = Inter-level travel time spent in this place.
 D = Time resting spent in this place.
 E = Time spent auto-exploring this place.
 F = Levels seen in this place.
 G = Mean time per level.
                   A        B        C        D        E       F      G
               +--------+--------+--------+--------+--------+-----+--------+
         Total |    127 |    127 |      0 |      0 |     68 |   1 |  127.0 |
       Dungeon |    127 |    127 |      0 |      0 |     68 |   1 |  127.0 |
               +--------+--------+--------+--------+--------+-----+--------+

Top non-repeatable levels by time:
     D:1: 127 daAuts
